Frizzbo, neutral female gnomish Wizard ---------- |........-# -------- |........|# |..#...| ----- |........|# |......-#######################################.`..| |........|# |....>.|# |...| |.......{|# #....... # |...| -----.----# #----- # #################------ #....| # # ### `##### #---------- |....| ###-|--- ### # # # #|.........## #.....| # # # ## # ### #|..(.....| # ###|...(| ### # ### #-------# #--|--- #|........| #####.....| # -.----- # #|.....|# #|...Ga######|........-#### |.....## |....)| # #|.....|# #.....| #.........| |....|# |.....| ----.- #.......# |...<-######--.-.----- ------######.....[| |....| ------- ------ # ^ ------- |....| ------ Frizzbo the Thaumaturge Experience level: 6 Strength: 11 Dexterity: 10 Constitution: 14 Intelligence: 17 Wisdom: 15 Charisma: 8 Health: 0(44) Energy: 34(90) Def: 7 Gold: 1694 Moves: 3882 Dungeon seed: nUrbYHjpaVT4Hs8u Game ID: Frizzbo_1466649299 Your Inventory: Coins $ - 1694 gold pieces Amulets a - a blessed amulet of reflection (being worn) Weapons y - a blessed +1 elven dagger (weapon in hand) Armor e - an uncursed +0 cloak of magic resistance (being worn) n - an uncursed +0 pair of high boots (being worn) r - an uncursed +0 pair of leather gloves (being worn) z - an uncursed +0 orcish helm (being worn) Y - an uncursed +0 leather armor (being worn) Comestibles h - an uncursed food ration p - an uncursed carrot W - an uncursed tripe ration Scrolls i - a blessed scroll of magic mapping o - an uncursed scroll of earth q - 3 uncursed scrolls of blank paper u - 2 uncursed scrolls of enchant armor v - a blessed scroll of remove curse C - an uncursed scroll of teleportation K - an uncursed scroll of enchant weapon O - an uncursed scroll of gold detection Spellbooks l - a blessed spellbook of force bolt m - an uncursed spellbook of cause fear Potions f - an uncursed potion of gain level g - an uncursed potion of invisibility s - 5 uncursed potions of water X - an uncursed potion of monster detection Z - a blessed potion of oil Rings c - an uncursed ring of searching d - an uncursed ring of conflict P - an uncursed ring of fire resistance Wands b - an uncursed wand of teleportation (0:7) k - an uncursed wand of undead turning (0:7) B - an uncursed wand of striking (0:1) Tools t - an uncursed stethoscope w - an uncursed magic whistle x - an uncursed towel V - an uncursed magic marker (0:57) Gems N - an uncursed worthless piece of white glass Spells and supernatural/magical abilities: Name Level Category Fail Memory a - force bolt 1 attack 0% 81% c - cause fear 3 enchantment 7% 81% W - pray for help -- divine ? -- Your skills at the end: Fighting Skills Weapon Skills dagger [Basic] quarterstaff [Basic] Spellcasting Skills attack spells [Basic] enchantment spells [Basic] Final Attributes: You were piously aligned. You were magic-protected. You were telepathic. You had infravision. You had reflection. You are dead. Vanquished creatures: 9 leprechauns a pony a floating eye a homunculus 4 rothes a giant bat a monkey an orc zombie a werejackal 3 iguanas an acid blob 3 coyotes a hobbit 2 manes a large kobold 5 giant rats 4 cave spiders 3 red molds a gnome zombie 2 geckos 5 jackals a fox 4 goblins 5 sewer rats 9 grid bugs 2 lichens a kobold zombie 4 newts 77 creatures vanquished. Voluntary challenges: You used a wielded weapon 62 times, starting on turn 39. You read items or engraved 5 times, starting on turn 1627. You never genocided any monsters. You never polymorphed an object. You never changed form. You used no wishes. You never split a pudding. You wrote Elbereth's name 1 time, starting on turn 1628. You never violated your personal moral code. Dungeon overview: The Dungeons of Doom: levels 1 to 7 Level 1 a long staircase Level 2 a general store a long staircase Level 3 Level 4 a general store Level 5 Level 6 <- You were here a fountain, a sink Level 7 an altar to Ptah, a fountain History has recorded: On T:1 you entered the Dungeons of Doom to retrieve the Amulet of Yendor! On T:184 you advanced to experience level 2. On T:369 you reached level 2 of The Dungeons of Doom. On T:627 you advanced to experience level 3. On T:1140 you reached level 3 of The Dungeons of Doom. On T:1545 you reached level 4 of The Dungeons of Doom. On T:1868 you advanced to experience level 4. On T:2450 you reached level 5 of The Dungeons of Doom. On T:2942 you reached level 6 of The Dungeons of Doom. On T:3180 you advanced to experience level 5. On T:3199 you advanced to experience level 6. On T:3375 you reached level 7 of The Dungeons of Doom. Score breakdown: Gold: 1694 (10984 points) Experience: 6 levels (12456 points) Exploration: 7 levels ( 13.21%) (10190 points) Discoveries: 26 items ( 9.06%) ( 9029 points) Valuables value: (no points given unless you survive) Artifact value: 0 ( 0 points) Variety of kills: 28 monsters ( 7.35%) ( 8132 points) Turncount: 3882 turns ( -980 points) Survival: died (score multiplied by 80%) Total score: 39848 Latest messages: The giant rat bites! You kill the giant rat! You displace Taco. (2x) You hear a gurgling noise. Wizard needs food, badly! The door opens. Blecch! Rotten food! You don't feel so weak now. You finish eating the cram ration. You displace Taco. (2x) You stop exploring. The giant beetle bites! You hit the giant beetle. The giant beetle bites! You hit the giant beetle. (2x) The giant beetle bites! You miss the giant beetle. The giant beetle bites! You miss the giant beetle. The spell misses the giant beetle. The giant beetle bites! You die... Final status: Goodbye Frizzbo the Wizard, killed by a giant beetle... You died in The Dungeons of Doom on dungeon level 6 with 39848 points, and 1694 pieces of gold, after 3882 moves. You were level 6 with a maximum of 44 hit points when you died.